 Dungeon Crawl Stone Soup version 0.21-a0-480-g5da0f0d (webtiles) character file.

56 slep the Slasher (level 3, -3/30 HPs)
             Began as a Minotaur Gladiator on Nov 23, 2017.
             Slain by Crazy Yiuf
             ... wielding a +4 quarterstaff of chaos
              (9 damage)
             ... on level 2 of the Dungeon.
             The game lasted 00:03:50 (1022 turns).

slep the Slasher (Minotaur Gladiator)               Turns: 1022, Time: 00:03:51

Health: -3/30      AC:  6    Str: 19    XL:     3   Next: 69%
Magic:  2/2        EV: 11    Int:  5    God:
Gold:   84         SH:  0    Dex: 11    Spells: 2/2 levels left

rFire    . . .     SeeInvis .   s - +2 club
rCold    . . .     Gourm    .   (no shield)
rNeg     . . .     Faith    .   m - +0 scale mail
rPois    .         Spirit   .   c - +0 hat
rElec    .         Reflect  .   (no cloak)
rCorr    .         Harm     .   (no gloves)
MR       .....                  (no boots)
Stlth    ..........             (no amulet)
HPRegen  0.10/turn              (no ring)
MPRegen  0.08/turn              (no ring)

@: lethally poisoned (-3 -> -12)
A: retaliatory headbutt, horns 2
a: no special abilities


You were on level 2 of the Dungeon.
You were not hungry.

You visited 1 branch of the dungeon, and saw 2 of its levels.

You collected 84 gold pieces.

Inventory:

Hand Weapons
 a - a +0 long sword
 s - a +2 club (weapon)
Missiles
 d - 3 throwing nets (quivered)
 p - 7 poisoned needles
Armour
 b - a +0 leather armour
 c - a +0 hat (worn)
 k - a +0 ring mail
 m - a +0 scale mail (worn)
Wands
 r - a wand of acid (6)
Scrolls
 i - a scroll of immolation {unknown}
 l - a scroll of identify {unknown}
 q - a scroll of remove curse {unknown}
 t - 3 scrolls of blinking {unknown}
Potions
 e - a potion of curing {unknown}
 j - a potion of heal wounds {unknown}
 n - a potion of lignification {unknown}
 o - a potion of mutation {unknown}
Comestibles
 f - 3 bread rations
 g - 3 meat rations
 h - a royal jelly
 u - 3 fruits


   Skills:
 + Level 2.8 Fighting
 + Level 4.6 Long Blades
 + Level 2.0 Throwing
 + Level 1.2 Armour
 + Level 3.9 Dodging


You had 2 spell levels left.
You didn't know any spells.

Dungeon Overview and Level Annotations

Branches:
Dungeon (2/15)

Altars:
Gozag

Annotations:
D:2 Crazy Yiuf


Innate Abilities, Weirdness & Mutations

You reflexively headbutt those who attack you in melee.
You have a pair of horns on your head.


Message History

You barely miss Crazy Yiuf. Your headbutt misses Crazy Yiuf.
Crazy Yiuf closely misses you.
You hit Crazy Yiuf but do no damage. Your headbutt misses Crazy Yiuf.
Crazy Yiuf hits you with a quarterstaff of chaos.
You are poisoned.
Crazy Yiuf whimpers, "Goldfish mumblescurry action!"
Crazy Yiuf hits you with a quarterstaff of chaos!
You hit Crazy Yiuf but do no damage. You headbutt Crazy Yiuf.
Crazy Yiuf is moderately wounded.
You feel sick.
Crazy Yiuf hits you with a quarterstaff of chaos.
* * * LOW HITPOINT WARNING * * *
Crazy Yiuf burns you.
* * * LOW HITPOINT WARNING * * *
You hit Crazy Yiuf.
Crazy Yiuf is heavily wounded.
* * * LOW HITPOINT WARNING * * *
You feel sick.
Crazy Yiuf hits you with a quarterstaff of chaos!
You die...

#.##........................###.
##.##.#.........#####....<...#...
#..##......###### ##...........
...........# #........###
...........# ##### #........###
.......##### #)..# #.......##..
......## #...# #..........#
....### #.g.# ####.....### #...#
#@# #......### ..### ♣.♣♣
####.### #.# ♣♣.♣ ####.# ..# ♣.♣♣
#....# ### ♣♣.♣ #.#### ♣♣.♣♣ #.#
♣♣PP.♣ #.# ♣PP♣.♣ #.# #....# #.#


You could see Crazy Yiuf.

Vanquished Creatures
  Jessica (D:2)
  A leopard gecko (D:2)
  2 giant cockroaches (D:1)
  4 goblins
  4 hobgoblins (D:1)
  4 kobolds (D:1)
  A quokka (D:2)
  3 bats (D:1)
  6 frilled lizards
  3 rats
  A fungus (D:2)
30 creatures vanquished.

Notes
Turn   | Place    | Note
-------+----------+-------------------------------------------
     0 | D:1      | slep the Minotaur Gladiator began the quest for the Orb.
     0 | D:1      | Reached XP level 1. HP: 18/18 MP: 0/0
    73 | D:1      | Reached skill level 4 in Long Blades
    78 | D:1      | Reached XP level 2. HP: 20/25 MP: 1/1
   743 | D:2      | Found an opulent altar of Gozag.
   793 | D:2      | Noticed Jessica
   802 | D:2      | Killed Jessica
   802 | D:2      | Reached skill level 1 in Armour
   802 | D:2      | Reached XP level 3. HP: 4/30 MP: 2/2
  1013 | D:2      | Found a runed door.
  1017 | D:2      | Noticed Crazy Yiuf
  1022 | D:2      | Slain by Crazy Yiuf

Vault maps used:
D:1:      dpeg_arrival_tiny_k
D:2:      lemuel_crystal_altar, uniq_jessica, uniq_crazy_yiuf_cottage

Skill      XL: |  1  2 |
---------------+-------+-----
Long Blades    | 4 |  4.6
Armour         | 1 |  1.2
Fighting       | |  2.8
Throwing       | |  2.0
Dodging        | |  3.9

Action                   || total
-------------------------++-------
Melee: Long sword        ||    47
       Headbutt          ||    15
       Club              ||    18
Armor: Leather armour    ||     2
       Scale mail        ||     6
       Ring mail         ||     2
Dodge: Dodged            ||    31
       Rpst.: Long sword ||     9

Table legend:
 A = Spawn XP
 B = Non-spawn XP
 C = Spawn XP percentage of total XP
 D = Spawn monster count
 E = Non-spawn monster count
 F = Spawn count percentage of total count
 G = Total turns spent on level
                    A         B        C        D         E        F      G
               +---------+---------+-------+---------+---------+-------+---------
         Total |       0 |      80 |   0.0 |       0 |      29 |   0.0 |  1022
               +---------+---------+-------+---------+---------+-------+---------
           D:1 |       0 |      33 |   0.0 |       0 |      21 |   0.0 |   646
           D:2 |       0 |      47 |   0.0 |       0 |       8 |   0.0 |   376
               +---------+---------+-------+---------+---------+-------+---------
